 Dungeon Crawl Stone Soup version 0.32-a0-141-g04fe69798e (webtiles) character file.

Game seed: 16551532844611081627

116 EC1 the Poker (level 5, 0/39 HPs)
             Began as a Merfolk Gladiator on Feb 11, 2024.
             Frozen to death by an endoplasm (3 damage)
             ... on level 3 of the Dungeon.
             The game lasted 00:04:05 (1912 turns).

EC1 the Poker (Merfolk Gladiator)                   Turns: 1912, Time: 00:04:05

Health: 0/39       AC:  5    Str: 14    XL:     5   Next: 0%
Magic:  5/5        EV: 12    Int:  7    God:
Gold:   137        SH: 11    Dex: 18    Spells: 4/4 levels left

rFire   . . .        a - +0 trident
rCold   . . .        i - +2 kite shield
rNeg    . . .        b - +0 leather armour
rPois   .            c - +0 helmet
rElec   .            (no cloak)
rCorr   .            (no gloves)
SInv    .            f - +0 pair of boots
Will    .....        (no amulet)
Stlth   +            (no ring)
HPRegen 0.26/turn    (no ring)
MPRegen 0.09/turn

%: no passive effects
@: no status effects
A: (nimble swimmer 2), mertail
a: no special abilities


You were on level 3 of the Dungeon.
You visited 1 branch of the dungeon, and saw 3 of its levels.

You collected 137 gold pieces.

Inventory:

Hand Weapons
 a - a +0 trident (weapon)
 h - a +0 sling
Missiles
 d - 2 throwing nets (quivered)
 e - a javelin
Armour
 b - a +0 leather armour (worn)
 c - a +0 helmet (worn)
 f - a +0 pair of boots (worn)
 i - a +2 kite shield (worn)
 n - a +0 helmet
Talismans
 l - a beast talisman
Scrolls
 j - 2 scrolls of identify
 m - a scroll of teleportation {unknown}
Potions
 g - a potion of curing
 k - a potion of attraction


   Skills:
 + Level 2.5 Fighting
 + Level 5.5 Polearms
 - Level 2.0 Throwing
 + Level 0.4 Armour
 + Level 5.3 Dodging
 + Level 0.3 Stealth
 + Level 1.1 Shields


You had 4 spell levels left.
You didn't know any spells.
Your spell library was empty.

Dungeon Overview and Level Annotations

Branches:
Dungeon (3/15)

Altars:

Shops:
D:3 (


Innate Abilities, Weirdness & Mutations

((You are very nimble when in or above water. (Stealth+, EV+, Speed+++)))
Your lower body shifts to a powerful aquatic tail in water.


Message History

You have reached level 5!
You feel agile.
Found a mace.
The adder attacks as it pursues you! You block the adder's attack. x2
You see here an iguana corpse.
The endoplasm attacks as it pursues you!
You block the endoplasm's attack.
Okay, then.
You feel better. You block the adder's attack. The endoplasm hits you.
The adder closely misses you.
You barely miss the adder. The adder bites you but does no damage.
You block the endoplasm's attack.
You miss the adder. The adder bites you but does no damage.
The endoplasm hits you but does no damage.
You block the adder's attack.
You closely miss the adder. The endoplasm freezes you.
You are frozen.
* * * LOW HITPOINT WARNING * * *
The adder closely misses you.
You miss the adder. The adder bites you but does no damage.
You block the endoplasm's attack. The adder barely misses you.
The endoplasm hits you.
* * * LOW HITPOINT WARNING * * *
You hit the adder.
The adder is heavily wounded.
The adder closely misses you. The endoplasm freezes you.
You are frozen.
* * * LOW HITPOINT WARNING * * *
You block the adder's attack.
You closely miss the adder.
The adder is heavily wounded.
You block the endoplasm's attack. You block the adder's attack.
You miss the adder.
The adder is heavily wounded.
You block the adder's attack. The endoplasm freezes you.
You are frozen.
You die...

#.##.#.#
##.####.####.#
.........#ß###
#######$....##
#......###
#....)..ß#
#....#†....##
.......#ßJS...##
###.#..###@....#
#.#..# ##....)..
...### .......
..(# ....... #
....#ß# ...## #
..## .ß#


You could see an adder and an endoplasm.

Vanquished Creatures
  An iguana (D:3)
  2 adders (D:2)
  3 ribbon worms (D:2)
  A dart slug (D:1)
  An orc (D:2)
  8 ball pythons
  7 endoplasms
  3 giant cockroaches (D:1)
  6 goblins
  A hobgoblin (D:2)
  5 kobolds
  3 quokkas (D:1)
  6 bats
  4 frilled lizards
  6 rats
57 creatures vanquished.

Notes
Turn   | Place    | Note
-------+----------+-------------------------------------------
     0 | D:1      | EC1 the Merfolk Gladiator began the quest for the Orb.
     0 | D:1      | Reached XP level 1. HP: 16/16 MP: 1/1
   155 | D:1      | Reached XP level 2. HP: 12/22 MP: 2/2
   334 | D:1      | Reached skill level 5 in Dodging
   382 | D:1      | Reached XP level 3. HP: 27/27 MP: 3/3
  1115 | D:2      | Reached skill level 5 in Polearms
  1185 | D:2      | Reached XP level 4. HP: 34/34 MP: 4/4
  1826 | D:3      | Found Watryox's Antique Weapon Boutique.
  1847 | D:3      | Reached skill level 1 in Shields
  1902 | D:3      | Reached XP level 5. HP: 6/39 MP: 5/5
  1912 | D:3      | Frozen to death by an endoplasm

Illustrated notes

Levels and vault maps discovered:
D:1:      lemuel_arrival_hallway, layout_basic, chequers_arboretum,
          minmay_unequal
D:2:      minmay_angry_zag, layout_basic, dreamdust_princess_bridge
D:3:      layout_loops_ring, serial_shops, nicolae_shop_hallway_plus,
          nicolae_shop_dealshenge, chequers_hall_statues_y, minivault_11,
          kennysheep_generic_room_2

Skill      XL: |  1  2  3  4 |
---------------+-------------+-----
Dodging        | 5 |  5.3
Polearms       | 5 |  5.5
Shields        | 1 |  1.1
Fighting       | |  2.5
Throwing       | |  2.0
Armour         | |  0.4
Stealth        | |  0.3

Action                     |  1- 3 |  4- 6 || total
---------------------------+-------+-------++-------
  Melee: Trident           |   100 |    80 ||   180
         Punch             |     2 |       ||     2
  Throw: Throwing net      |       |     1 ||     1
    Use: Scroll            |     5 |     2 ||     7
         Potion            |       |     1 ||     1
   Stab: Sleeping          |     2 |       ||     2
         Held in net/web   |       |     1 ||     1
 Armour: Leather armour    |    30 |    30 ||    60
  Dodge: Dodged            |    44 |    24 ||    68
  Block: Kite shield       |    21 |    64 ||    85

Table legend: (Time is in decaauts)
 A = Elapsed time spent in this place.
 B = Non-inter-level travel time spent in this place.
 C = Inter-level travel time spent in this place.
 D = Time resting spent in this place.
 E = Time spent auto-exploring this place.
 F = Levels seen in this place.
 G = Mean time per level.
                   A        B        C        D        E       F      G
               +--------+--------+--------+--------+--------+-----+--------+
         Total |   1949 |   1879 |     70 |      0 |   1216 |   3 |  649.7 |
       Dungeon |   1949 |   1879 |     70 |      0 |   1216 |   3 |  649.7 |
               +--------+--------+--------+--------+--------+-----+--------+

Top non-repeatable levels by time:
     D:1: 999 daAuts
     D:2: 772 daAuts
     D:3: 177 daAuts
